 Seeded DCSS version 0.29-a0-378-gc08b2e8bf8 (webtiles) character file.

Game seed: 13605594255664981076 (custom seed)

1499 thiscave3701365 the Cleaver (level 8, -18/71 HPs)
             Began as a Minotaur Berserker on May 4, 2022.
             Was a Believer of Trog.
             Hit by a large rock thrown by a cyclops (32 damage)
             ... on level 6 of the Dungeon.
             The game lasted 00:07:07 (8242 turns).

thiscave3701365 the Cleaver (Minotaur Berserker)    Turns: 8242, Time: 00:07:08

Health: -18/71     AC: 10    Str: 28    XL:     8   Next: 52%
Magic:  7/7        EV:  9    Int:  4    God:    Trog [**....]
Gold:   223        SH:  0    Dex:  9    Spells: 7/7 levels left

rFire   . . .      SeeInvis .   a - +0 hand axe
rCold   . . .      Faith    .   (no shield)
rNeg    . . .      Spirit   .   z - +0 chain mail "Fuibbaimp" {Str+3}
rPois   .          Reflect  .   (helmet restricted)
rElec   .          Harm     .   (no cloak)
rCorr   .          Rampage  .   (no gloves)
Will    .....                   (no boots)
Stlth   ..........              (no amulet)
HPRegen 0.21/turn               (no ring)
MPRegen 0.10/turn               (no ring)

@: no status effects
A: horns 2, retaliatory headbutt
a: Renounce Religion, Berserk, Trog's Hand


You were on level 6 of the Dungeon.
You worshipped Trog.
Trog was pleased with you.
You visited 1 branch of the dungeon, and saw 6 of its levels.

You collected 223 gold pieces.

Inventory:

Hand Weapons
 a - a +0 hand axe (weapon)
Missiles
 u - a throwing net
Armour
 p - a +1 chain mail of poison resistance
 y - a +0 plate armour
 z - the +0 chain mail "Fuibbaimp" (worn) {Str+3}
   (You found it on level 5 of the Dungeon)

   Str:       It affects your strength (+3).
Jewellery
 q - a ring of protection from cold
Wands
 t - a wand of charming (10)
 v - a wand of digging (3)
 x - a wand of polymorph (4)
Scrolls
 b - a scroll of teleportation
 e - 2 scrolls of identify
 h - a scroll of fog
 j - a scroll of vulnerability
 l - a scroll of poison
Potions
 c - a potion of brilliance {unknown}
 f - 2 potions of haste
 k - a potion of magic
 m - a potion of might
 n - a potion of ambrosia
 o - a potion of flight
 r - a potion of heal wounds {unknown}
 s - 2 potions of mutation


   Skills:
 + Level 6.3 Fighting
 + Level 9.2 Axes
 + Level 7.3 Armour
 + Level 3.7 Dodging
 + Level 1.3 Stealth


You had 7 spell levels left.
You didn't know any spells.
Your spell library was empty.

Dungeon Overview and Level Annotations

Branches:
Dungeon (6/15)             Temple (0/1) D:4

Altars:
Ashenzari
Cheibriados
Gozag
Makhleb
Nemelex Xobeh
Okawaru
Uskayaw


Innate Abilities, Weirdness & Mutations

You have a pair of horns on your head.
You reflexively headbutt those who attack you in melee.


Message History

The water moccasin bites you but does no damage.
* * * LOW HITPOINT WARNING * * *
You feel sick.
* * * LOW HITPOINT WARNING * * *
You feel sick.
The water moccasin attacks as you move away!
The water moccasin bites you but does no damage.
* * * LOW HITPOINT WARNING * * *
You feel sick. The water moccasin barely misses you. You furiously retaliate!
You headbutt the water moccasin.
The water moccasin attacks as you move away!
The water moccasin bites you.
* * * LOW HITPOINT WARNING * * *
x2 You feel sick.
You closely miss the water moccasin.
Your headbutt misses the water moccasin.
The water moccasin is almost dead.
* * * LOW HITPOINT WARNING * * *
You feel sick.
The water moccasin bites you but does no damage.
You closely miss the water moccasin.
The water moccasin is almost dead.
* * * LOW HITPOINT WARNING * * *
You feel sick.
The water moccasin bites you but does no damage.
The water moccasin closely misses you.
It was a potion of curing.
You feel better. The water moccasin misses you.
You barely miss the water moccasin.
The water moccasin is almost dead.
The water moccasin bites you but does no damage.
You slash the water moccasin!
You kill the water moccasin!
Trog accepts your kill.
You see here a water moccasin corpse.
You start resting.
A cyclops is nearby!
A cyclops is nearby!
A cyclops is nearby!
The cyclops throws a large rock.
The large rock hits you!!
You die...

.....### ### #..####.##
.....+. ... ..........
......#####.# #..####.##
.......##...## #..#
.............# ##.#
....#.......## #.#
#.C....#.....# #..
...#.....#†C.###########
######.
#$...#†...#.....@.......
........
#...#...#...#....#######
#######.
#..#..#..#.......# ##
#.#.#.#.#.#.#....# #
##.##.##.##.####.# # #?
##.###.## #.# # # ##.#
#.# #
#.######.################
### #.............[).....


You could see a cyclops.

Vanquished Creatures
  A water moccasin (D:6)
  An ice beast (D:5)
  A black bear (D:5)
  3 ogres
  2 phantoms (D:5)
  2 necrophages (D:5)
  2 scorpions (D:6)
  A hound (D:5)
  2 orc priests (D:4)
  A gnoll shaman (D:5)
  An iguana (D:3)
  3 orc wizards
  12 gnolls
  8 adders
  2 ufetubi
  A worm (D:5)
  25 orcs
  4 endoplasms
  3 giant cockroaches
  8 goblins
  4 hobgoblins
  3 jackals (D:1)
  A quokka (D:4)
  10 ball pythons
  A bat (D:3)
  3 frilled lizards
  5 kobolds
  7 rats
117 creatures vanquished.

Vanquished Creatures (others)
  An orc wizard (D:5)
1 creature vanquished.

Grand Total: 118 creatures vanquished

Notes
Turn   | Place    | Note
-------+----------+-------------------------------------------
     0 | D:1      | thiscave3701365 the Minotaur Berserker began the quest for
                  | the Orb.
     0 | D:1      | Reached XP level 1. HP: 19/19 MP: 0/0
   283 | D:1      | Found a faded altar of an unknown god.
   359 | D:1      | Reached XP level 2. HP: 27/27 MP: 1/1
   360 | D:1      | Reached skill level 4 in Axes
   951 | D:2      | Reached ** piety under Trog
  1104 | D:2      | Reached XP level 3. HP: 30/33 MP: 2/2
  1222 | D:2      | Reached XP level 4. HP: 18/41 MP: 3/3
  1758 | D:2      | Reached skill level 5 in Axes
  2709 | D:3      | Found a burning altar of Makhleb.
  2709 | D:3      | Found a hide-covered altar of Uskayaw.
  2943 | D:3      | Reached XP level 5. HP: 12/47 MP: 4/4
  4321 | D:4      | Noticed an ogre
  4329 | D:4      | Killed an ogre
  4330 | D:4      | Reached skill level 6 in Axes
  4330 | D:4      | Reached XP level 6. HP: 15/55 MP: 5/5
  4743 | D:4      | Found an opulent altar of Gozag.
  4743 | D:4      | Found a sparkling altar of Nemelex Xobeh.
  4810 | D:4      | Found a staircase to the Ecumenical Temple.
  5052 | D:4      | Found an iron altar of Okawaru.
  5142 | D:4      | Reached skill level 5 in Fighting
  5195 | D:4      | Found a snail-covered altar of Cheibriados.
  5639 | D:5      | Entered Level 5 of the Dungeon
  6157 | D:5      | Reached skill level 7 in Axes
  6157 | D:5      | Reached skill level 1 in Stealth
  6157 | D:5      | Reached XP level 7. HP: 61/61 MP: 6/6
  6160 | D:5      | Reached skill level 5 in Armour
  6610 | D:5      | Reached skill level 8 in Axes
  6767 | D:5      | HP: 2/61 [gnoll/+0 halberd[a gnoll shaman] (8)]
  6771 | D:5      | Reached XP level 8. HP: 8/70 MP: 7/7
  7336 | D:5      | Found a broken altar of Ashenzari.
  7706 | D:5      | Identified the +0 chain mail "Fuibbaimp" {Str+3}
  8191 | D:6      | Reached skill level 9 in Axes
  8216 | D:6      | Noticed a cyclops
  8229 | D:6      | HP: 3/70 [poisoned by a water moccasin]
  8231 | D:6      | HP: 1/70 [poisoned by a water moccasin]
  8242 | D:6      | Hit by a large rock thrown by a cyclops

Illustrated notes

Levels and vault maps discovered:
D:1:      wander_arrival_lonely_grave, layout_basic,
          ebering_ecumenical_altar_rust
D:2:      layout_basic, minmay_misc_feat_tower, grunt_decor_mini_mirrors
D:3:      layout_basic, mainiacjoe_overflow_divided_tiny
D:4:      layout_loops_ring, grunt_temple_overflow_opulence,
          general_overflow_altar, mainiacjoe_overflow_24_doors, temple_doors_ab
D:5:      layout_basic, mainiacjoe_overflow_paths
D:6:      layout_basic, serial_shops, nicolae_shop_behind_doors,
          minmay_increasing_density

Skill      XL: |  1  2  3  4  5  6  7  8 |
---------------+-------------------------+-----
Axes           | 4 5 6 7 8 9 |  9.2
Fighting       | 4 5 6 |  6.3
Armour         | 3 4 6 7 |  7.3
Dodging        | 3 |  3.7
Stealth        | 1 |  1.3

Action                   |  1- 3 |  4- 6 |  7- 9 || total
-------------------------+-------+-------+-------++-------
Melee: Hand axe          |    51 |   172 |   122 ||   345
       Headbutt          |     4 |    22 |     9 ||    35
       Punch             |       |       |     1 ||     1
Invok: Berserk           |     1 |    11 |     4 ||    16
       Trog's Hand       |       |       |     1 ||     1
  Use: Scroll            |       |       |    14 ||    14
       Potion            |       |       |     1 ||     1
Armor: Animal skin       |     9 |       |       ||     9
       Scale mail        |    14 |    15 |       ||    29
       Chain mail        |       |    78 |   101 ||   179
Dodge: Dodged            |    21 |    67 |    60 ||   148

Table legend: (Time is in decaauts)
 A = Elapsed time spent in this place.
 B = Non-inter-level travel time spent in this place.
 C = Inter-level travel time spent in this place.
 D = Time resting spent in this place.
 E = Time spent auto-exploring this place.
 F = Levels seen in this place.
 G = Mean time per level.
                   A        B        C        D        E       F      G
               +--------+--------+--------+--------+--------+-----+--------+
         Total |   8390 |   8013 |    377 |   3379 |   3796 |   6 | 1398.3 |
       Dungeon |   8390 |   8013 |    377 |   3379 |   3796 |   6 | 1398.3 |
               +--------+--------+--------+--------+--------+-----+--------+

Top non-repeatable levels by time:
     D:5: 2514 daAuts
     D:3: 1849 daAuts
     D:4: 1642 daAuts
     D:2: 1382 daAuts
     D:1: 864 daAuts
     D:6: 137 daAuts
